AoeStats
← Octavio

Arabia

510402949Analyzed
1v1 RM · 17h ago on Sep 30, 2026· 48m 59s· 2 players
Game mode
Random Map
Map size
Tiny (2 player)
Population
200
Speed
Normal
Resources
Standard
Victory
Conquest
Starting age
Dark Age
Ending age
Imperial Age
RankedLock teamsTeams togetherTeam positionsShared explorationLock speedFull tech treeHidden civsTurbo modeCheats
Victory
Defeat
🇦🇷 Romans · Argentina
604
+16
🇨🇦 Britons · Canada
607
-16
Octavio
12:18 Feudal Age
13:57 Double-Bit Axe
13:53 Horse Collar
16:23 Wheelbarrow
15:55 Gold Mining
17:58 Stone Mining
22:22 Castle Age
22:18 Forging
24:15 Bow Saw
24:52 Heavy Plow
25:29 Gold Shaft Mining
27:50 Hand Cart
28:59 Fervor
31:42 Scale Barding Armor
39:58 Imperial Age
40:19 Iron Casting
40:43 Husbandry
42:11 Blast Furnace
41:33 Chain Barding Armor
41:29 Bloodlines
40:41 Light Cavalry
40:42 Cavalier
42:06 Conscription
42:57 Crop Rotation
43:39 Comitatenses
43:29 Elite Centurion
45:07 Plate Barding Armor
Troy 809
3:43 Loom
11:58 Feudal Age
13:48 Double-Bit Axe
18:03 Horse Collar
19:24 Town Watch
19:46 Padded Archer Armor
19:36 Fletching
23:02 Castle Age
25:31 Squires
27:25 Leather Archer Armor
27:05 Bodkin Arrow
28:02 Wheelbarrow
28:25 Man-at-Arms
29:37 Bow Saw
29:29 Heavy Plow
29:20 Gold Mining
35:32 Imperial Age
35:20 Long Swordsman
35:46 Gambesons
36:53 Elite Longbowman
37:11 Two-Handed Swordsman
39:08 Conscription
40:21 Chemistry
39:08 Champion
41:17 Two-Man Saw
40:54 Gold Shaft Mining
40:10 Stone Mining
40:33 Pikeman
41:03 Halberdier
42:52 Hand Cart
43:11 Ring Archer Armor
42:49 Bracer
47:34 Warwolf
Connection lost

Rejoining the realm…

Still unreachable

The connection could not be restored.

Session expired

The server has moved on; the page needs a fresh start.